 Dungeon Crawl Stone Soup version 0.17-a0-469-g696e5a1 (webtiles) character file.

9417 RobertPalmer the Nimble (level 11, -3/84 HPs)
             Began as an Octopode Transmuter on Apr 6, 2015.
             Slain by a minotaur
             ... wielding a +2 demon blade of venom
              (26 damage)
             ... in a labyrinth.
             The game lasted 00:47:50 (15697 turns).

RobertPalmer the Nimble (Octopode Transmuter)      Turns: 15697, Time: 00:47:51

Health: -3/84      AC: 30    Str: 13    XL:     11   Next: 46%
Magic:  28/28      EV:  2    Int: 14    God:    Xom [..*...]
Gold:   838        SH:  0    Dex: 21    Spells: 4 memorised, 6 levels left

rFire  + . .     SeeInvis +       - Unarmed
rCold  + . .     Clarity  .     (no shield)
rNeg   + + +     SustAb   +     (helmet currently unavailable)
rPois  +         Gourm    .     (no amulet)
rElec  +         Spirit   .     g - ring of see invisible {sInv, !d}
rCorr  +         Warding  .     m - ring of wizardry {Wiz+, !d}
rMut   .         NoTele   +     x - ring of positive energy {rN+}
MR     .....                    f - ring of magical power {MP+9}
Stlth  +++.......               i - +5 ring of protection
                                v - ring of sustain abilities (curse) {SustAb}
                                A - +4 ring of strength
                                (no ring)

@: agile, tree-form, resistant, very slightly contaminated, hasted, very quick,
not resistant to hostile enchantments, fairly stealthy
A: almost no armour, amphibious, 8 rings, (constrict 8), (tentacle spike 0),
(iridescent scales 0), (camouflage 0), blurry vision 1, dopey 1, frail 1,
(gelatinous body 0)
a: Renounce Religion


You were in a labyrinth.
You worshipped Xom.
You were a toy of Xom.
You were not hungry.
You were a tree.
You visited 3 branches of the dungeon, and saw 14 of its levels.
You also visited: Labyrinth.

You collected 838 gold pieces.

Inventory:

Hand weapons
 b - a +2 blowgun
   (You took it off a kobold on level 5 of the Dungeon)
Missiles
 c - 147 arrows
 h - a tomahawk of dispersal {=f}
 q - 30 poisoned needles
 y - 7 arrows of frost
Jewellery
 f - a ring of magical power (on tentacle) {MP+9}
   (You found it on level 2 of the Dungeon)
 g - a ring of see invisible (left branch) {sInv, !d}
   (You found it on level 1 of the Dungeon)
 i - a +5 ring of protection (on tentacle)
   (You took it off a centaur on level 5 of the Dungeon)
 m - a ring of wizardry (right branch) {Wiz+, !d}
   (You found it on level 2 of the Dungeon)
 v - a cursed ring of sustain abilities (on tentacle) {SustAb}
   (You found it on level 9 of the Dungeon)
 x - a ring of positive energy (on tentacle) {rN+}
   (You found it on level 4 of the Dungeon)
 A - a +4 ring of strength (on tentacle)
   (You found it on level 9 of the Dungeon)
Magical devices
 o - a wand of polymorph (5)
   (You found it on level 3 of the Dungeon)
 r - a wand of slowing (14)
   (You found it on level 6 of the Dungeon)
 t - a wand of polymorph (0)
   (You took it off Crazy Yiuf on level 6 of the Dungeon)
 w - a wand of slowing (14)
   (You found it on level 8 of the Dungeon)
 H - a wand of fireball (8)
   (You found it on level 1 of the Lair of Beasts)
 I - a wand of flame (13)
   (You took it off Grum on level 1 of the Lair of Beasts)
Scrolls
 e - 6 scrolls of remove curse
 u - 4 scrolls of identify
 z - a scroll of amnesia
 F - a scroll of enchant armour
Potions
 n - a potion of magic
 D - a potion of lignification {!q}
Books
 d - a book of Changes
 C - a book of Fire
   (You found it on level 3 of the Lair of Beasts)
Comestibles
 a - 9 bread rations {@e1}
 l - 13 fruits
 s - 4 meat rations {@e2}


   Skills:
 - Level 1.0 Fighting
 + Level 12.4 Dodging
 - Level 7.5 Unarmed Combat
 - Level 5.4 Spellcasting
 - Level 9.0 Transmutations
 - Level 0.5 Poison Magic


You had 6 spell levels left.
You knew the following spells:

 Your Spells              Type           Power        Failure   Level  Hunger
a - Spider Form           Trmt/Pois      ###.......   4%          3    ###....
e - Ice Form              Ice/Trmt       ###.....     12%         4    ####...
s - Sticks to Snakes      Trmt           ####......   1%          2    ##.....
z - Blade Hands           Trmt           ####......   6%          5    ######.


Dungeon Overview and Level Annotations

Branches:
Dungeon (10/15)            Temple (1/1) D:5            Lair (3/8) D:9
  Swamp (0/5) Lair:3
  Snake: Lair:3-6    Spider: Lair:3-6       Orc: D:9-12

Altars:
Ashenzari
Cheibriados
Dithmenos
Elyvilon
Fedhas
Gozag
Kikubaaqudgha
Makhleb
Nemelex Xobeh
Okawaru
Qazlal
Ru
Sif Muna
Trog
Vehumet
Xom
Yredelemnul
Zin
The Shining One

Annotations:
Lair:1 exclusion: Urug, Erica, Urug
Lair:2 WhatIsLove's ghost, powerful DrSu
Lair:3 exclusion: Gastronok, Gastronok


Innate Abilities, Weirdness & Mutations

You cannot wear most types of armour.
You are amphibious.
You can wear up to eight rings at the same time.
((You can use your tentacles to constrict eight enemies at once.))
((Your skin changes colour to match your surroundings (Stealth).))
((Your rubbery body absorbs attacks (AC +1).))
((One of your tentacles bears a spike.))
((You are partially covered in iridescent scales (AC +4).))
Scrolls take you a little longer to read.
You are dopey. (Int -2)
You are frail (-10% HP).


Message History

Identify which item? (\ to view known items) (? for menu, Esc to quit)
Okay, then.
Unknown command.
You open the door.
There is an open door here.
Found an exit through the horrors of the Abyss.
There is an open door here.
Health restored: 56 You open the door.
A minotaur comes into view. It is wielding a demon blade of venom.
The minotaur bellows!
The minotaur zaps a wand.
The minotaur seems to speed up.
It is a wand of hasting.
Found four items.
Found an escape hatch in the ceiling.
Drink which item? (? for menu, Esc to quit)
You feel agile all of a sudden.
Drink which item? (? for menu, Esc to quit)
You feel yourself speed up.
You are very lightly contaminated with residual magic.
Drink which item? (? for menu, Esc to quit)
Really quaff
D - 2 potions of lignification {!q}?
You turn into a tree.
Your roots penetrate the ground.
You now have 84/84 hp.
You are stuck in your current form!
The minotaur blocks your attack.
You pummel the minotaur!! The minotaur completely misses you.
The minotaur gores you but does no damage.
You hit the minotaur but do no damage.
The minotaur hits you with a demon blade of venom!
The minotaur gores you but does no damage.
You take 16 damage, and have 68/84 hp.
You smack the minotaur!
The minotaur hits you but does no damage.
The minotaur gores you but does no damage.
You hit the minotaur but do no damage. You completely miss the minotaur.
The minotaur hits you with a demon blade of venom.
You are poisoned.
The minotaur gores you but does no damage.
You take 4 damage, and have 64/84 hp.
You completely miss the minotaur.
You feel sick.
The minotaur hits you with a demon blade of venom.
The minotaur gores you but does no damage.
You take 2 damage, and have 62/84 hp.
The minotaur blocks your attack.
The minotaur hits you but does no damage.
The minotaur gores you!
You take 11 damage, and have 51/84 hp.
The minotaur blocks your attack.
You feel sick.
The minotaur hits you with a demon blade of venom!!
The minotaur gores you.
* * * LOW HITPOINT WARNING * * *
You take 26 damage, and have 25/84 hp.
MASSIVE DAMAGE!!
You barely miss the minotaur.
Drink which item? (? for menu, Esc to quit)
You feel better.
The minotaur hits you with a demon blade of venom!
The minotaur gores you but does no damage.
The minotaur blocks your attack.
Xom plays with reality for a moment.
The minotaur blinks!
You close the door.
Drink which item? (? for menu, Esc to quit)
You feel protected.
Read which item? (? for menu, Esc to quit)
You begin reading the scroll.
You continue reading the scroll.
As you read the scroll of summoning, it crumbles to dust.
Wisps of shadow whirl around you...
The shadows disperse without effect.
Read which item? (? for menu, Esc to quit)
You begin reading the scroll.
You continue reading the scroll.
The minotaur hits you but does no damage.
The minotaur gores you but does no damage.
As you read the scroll of summoning, it crumbles to dust.
Wisps of shadow whirl around you...
The shadows disperse without effect.
You hit the minotaur but do no damage.
The minotaur hits you but does no damage.
The minotaur gores you but does no damage.
You hit the minotaur but do no damage.
The minotaur hits you but does no damage.
The minotaur gores you but does no damage.
You smack the minotaur!
You hit the minotaur but do no damage.
The minotaur hits you but does no damage.
The minotaur gores you but does no damage.
The minotaur blocks your attack.
The minotaur hits you with a demon blade of venom.
* * * LOW HITPOINT WARNING * * *
The minotaur gores you but does no damage.
You take 5 damage, and have 22/84 hp.
You smack the minotaur!
The minotaur hits you but does no damage.
The minotaur gores you but does no damage.
Unknown command.
The minotaur blocks your attack.
You hit the minotaur.
The minotaur hits you with a demon blade of venom!!
You die...
Xom cackles wildly!

## # .#. ..##
##### #..#
8:8:8.8#..#
<......H♣.#
8|8}8.8#.##
.#########..#
.. . ....#.
#.. # .......
# #.#.#.#####
.. #. . . # #
#.## . # ...
.# .


You could see a minotaur.

Vanquished Creatures
  Erolcha (D:8)
  A black mamba (Lair:3)
  A komodo dragon (Lair:1)
  A minotaur skeleton (Lab)
  A wyvern (D:8)
  A trapdoor spider (Lab)
  Grum (Lair:1)
  4 hippogriffs
  12 wolves
  3 water moccasins
  An orc warrior (D:8)
  A black bear (D:8)
  A porcupine (Lair:1)
  5 ice beasts
  2 ogres (D:9)
  A necrophage (D:5)
  A wasp (D:8)
  A phantom (D:8)
  5 centaurs
  3 boring beetles (D:9)
  3 crocodiles (Lair:1)
  12 giant frogs
  Dowan (D:4)
  2 scorpions (D:4)
  2 wights (D:8)
  A troll skeleton (Lab)
  A quasit (D:6)
  A centaur zombie (D:6)
  An electric eel (Lair:3)
  A goliath beetle (D:9)
  8 orc priests
  2 crimson imps
  2 giant frog zombies
  A centaur skeleton (D:9)
  A giant frog skeleton (D:10)
  8 hounds
  4 iguanas
  A jelly (D:9)
  Crazy Yiuf (D:6)
  6 orc wizards
  7 worker ants
  A hound skeleton (D:5)
  A mummy (D:10)
  4 gnolls (D:6)
  10 adders
  4 shadow imps
  A white imp (D:9)
  5 worms
  An ufetubus (D:9)
  An adder skeleton (D:5)
  7 giant geckos
  An ooze (D:6)
  41 orcs
  19 bats
  2 giant cockroaches
  16 goblins
  13 hobgoblins
  10 jackals
  6 quokkas
  2 ball pythons
  A giant cockroach zombie (D:5)
  5 giant newts
  A jackal skeleton (D:4)
  A jackal zombie (D:9)
  11 kobolds
  22 rats
  5 ballistomycetes (D:8)
304 creatures vanquished.

Vanquished Creatures (collateral kills)
  A hill giant (D:10)
  A spiny frog (D:9)
  Duvessa (D:4)
  A wight (D:8)
  An iguana (D:9)
  An iron imp (D:9)
  A worker ant zombie (D:9)
  A giant gecko (D:6)
  An ooze (D:1)
  An orc (D:6)
  A rat (D:1)
11 creatures vanquished.

Vanquished Creatures (others)
  A necrophage (D:9)
  A crocodile (Lair:1)
  An iron imp (D:9)
  A quasit (D:10)
  2 white imps (D:10)
  An ufetubus (D:9)
  An orc (D:9)
  A giant spore (D:8)
  2 kobolds (D:9)
  2 butterflies (D:8)
  A plant (Lair:2)
14 creatures vanquished.

Grand Total: 329 creatures vanquished

Notes
Turn   | Place    | Note
--------------------------------------------------------------
     0 | D:1      | RobertPalmer, the Octopode Transmuter, began the quest for the Orb.
     0 | D:1      | Reached XP level 1. HP: 13/13 MP: 3/3
   302 | D:1      | HP: 3/13 [ooze (4)]
   306 | D:1      | HP: 1/13 [ooze (2)]
   722 | D:1      | Reached XP level 2. HP: 18/18 MP: 3/5
   865 | D:1      | Reached skill level 3 in Transmutations
   917 | D:1      | Learned a level 2 spell: Sticks to Snakes
   955 | D:1      | HP: 3/18 [ooze (5)]
  1352 | D:1      | Reached XP level 3. HP: 19/23 MP: 6/6
  1724 | D:2      | Learned a level 3 spell: Spider Form
  1845 | D:2      | Found a shadowy altar of Dithmenos.
  2112 | D:2      | Reached skill level 4 in Transmutations
  2126 | D:2      | Reached XP level 4. HP: 14/28 MP: 5/7
  3701 | D:3      | Reached XP level 5. HP: 16/33 MP: 5/8
  4008 | D:4      | Noticed Duvessa
  4097 | D:4      | Reached skill level 4 in Unarmed Combat
  4205 | D:4      | Reached XP level 6. HP: 16/38 MP: 6/9
  4337 | D:4      | Reached skill level 5 in Unarmed Combat
  4652 | D:4      | Noticed Dowan
  5094 | D:4      | Killed Dowan
  5612 | D:4      | Killed Duvessa
  5612 | D:4      | Reached skill level 6 in Unarmed Combat
  5612 | D:4      | Reached XP level 7. HP: 43/43 MP: 2/10
  6159 | D:5      | Entered Level 5 of the Dungeon
  6194 | D:5      | Found an ancient bone altar of Kikubaaqudgha.
  6217 | D:5      | Reached skill level 7 in Unarmed Combat
  6377 | D:5      | Found a sacrificial altar of Ru.
  6389 | D:5      | Found a staircase to the Ecumenical Temple.
  6403 | Temple   | Entered the Ecumenical Temple
  6423 | Temple   | Became a worshipper of Xom of Chaos
  6453 | D:5      | XOM: harmless Necr miscast
  6453 | D:5      | HP: 9/43 [centaur/arrow (7)]
  6456 | D:5      | Gained mutation: Your muscles are strong. (Str +2) [potion of beneficial mutation]
  6469 | D:5      | Reached skill level 5 in Transmutations
  6583 | D:5      | XOM: divination: detect creatures
  6801 | D:5      | XOM: harmless Tloc miscast
  6965 | D:5      | XOM: silly message
  7043 | D:4      | XOM: divination: detect creatures
  7232 | D:5      | HP: 8/43 [acid (12)]
  7468 | D:5      | Reached XP level 8. HP: 44/48 MP: 11/11
  7505 | D:6      | XOM: harmless Trmt miscast
  7626 | D:6      | Found a sparkling altar of Nemelex Xobeh.
  7775 | D:6      | Reached skill level 6 in Transmutations
  7778 | D:6      | XOM: summons 3 friendly demons
  7999 | D:6      | XOM: mild Summ miscast
  8100 | D:6      | Learned a level 4 spell: Ice Form
  8548 | D:6      | Reached skill level 7 in Transmutations
  8647 | D:6      | XOM: noise
  8822 | D:6      | Noticed Crazy Yiuf
  8977 | D:6      | Killed Crazy Yiuf
  8994 | D:6      | XOM: stat loss: -1 Str (10/11)
  9167 | D:7      | XOM: colour smoke trail
  9175 | D:7      | HP: 12/48 [centaur/arrow of frost (4)]
  9599 | D:7      | XOM: noise
  9606 | D:7      | Reached skill level 8 in Transmutations
  9613 | D:7      | XOM: 6-stop teleportation journey
  9773 | D:7      | XOM: harmless Tloc miscast
  9895 | D:7      | XOM: noise
  9959 | D:7      | Reached XP level 9. HP: 22/53 MP: 12/12
 10086 | D:7      | XOM: colour smoke trail
 10111 | D:8      | Reached skill level 9 in Transmutations
 10131 | D:8      | Noticed Erolcha
 10131 | D:8      | XOM: divination: magic mapping
 10143 | D:8      | HP: 10/53 [Erolcha/enchanted giant spiked club (33)]
 10143 | D:8      | XOM: butterfly on damage
 10143 | D:8      | XOM: smoke on damage
 10153 | D:8      | XOM: noise
 10168 | D:8      | XOM: silly message
 10184 | D:8      | Killed Erolcha
 10184 | D:8      | Reached skill level 5 in Spellcasting
 10222 | D:8      | Learned a level 5 spell: Blade Hands
 10311 | D:8      | Reached skill level 3 in Dodging
 10338 | D:8      | XOM: silly message
 10347 | D:8      | HP: 11/53 [orc wizard/puff of flame (11)]
 10352 | D:9      | HP: 12/53 [centaur/arrow (7)]
 10565 | D:9      | XOM: silly message
 10605 | D:9      | Found a snail-covered altar of Cheibriados.
 10622 | D:9      | XOM: noise
 10624 | D:9      | Reached skill level 4 in Dodging
 10645 | D:9      | XOM: confuse monster(s)
 10682 | D:8      | XOM: cast spell 'Confusing Touch'
 10726 | D:8      | Reached skill level 5 in Dodging
 10891 | D:8      | Found a blossoming altar of Fedhas.
 10971 | D:8      | XOM: butterfly on damage
 10978 | D:8      | HP: 8/53 [wight/enchanted halberd (15)]
 10988 | D:8      | HP: 2/53 [wight/mace (4)]
 11349 | D:8      | XOM: enchant monster (bad)
 11351 | D:8      | Reached skill level 6 in Dodging
 11351 | D:8      | Reached XP level 10. HP: 54/58 MP: 18/18
 11679 | D:8      | XOM: mild Erth miscast
 11696 | D:8      | XOM: divination: detect creatures
 11711 | D:8      | Reached skill level 7 in Dodging
 11748 | D:8      | XOM: noise
 11858 | D:9      | XOM: polymorph troll -> spiny frog
 11861 | D:9      | XOM: blink monster(s)
 11892 | D:9      | XOM: summons 5 hostile demons
 12013 | D:9      | XOM: colour smoke trail
 12173 | D:9      | XOM: potion effect (curing)
 12268 | D:9      | Reached skill level 8 in Dodging
 12466 | D:9      | XOM: summons 2 friendly demons
 12482 | D:9      | XOM: confuse monster(s)
 12503 | D:9      | Found a staircase to the Lair.
 12626 | D:9      | Noticed a gargoyle
 12702 | D:9      | XOM: scenery: 2 doors close
 12859 | D:9      | XOM: silly message
 12881 | D:10     | Entered Level 10 of the Dungeon
 13008 | D:10     | XOM: cast spell 'Summon Swarm'
 13009 | D:10     | Reached skill level 9 in Dodging
 13048 | D:10     | XOM: noise
 13049 | D:10     | XOM: silly message
 13071 | D:10     | Gained mutation: One of your tentacles bears a spike. [potion of beneficial mutation]
 13194 | D:10     | Noticed a fire dragon
 13208 | D:10     | Noticed a hill giant
 13232 | D:10     | XOM: summons 6 friendly demons
 13251 | D:10     | Killed a hill giant
 13333 | D:10     | XOM: harmless Ice miscast
 13438 | D:10     | XOM: smoke on damage
 13534 | Lair:1   | Entered Level 1 of the Lair of Beasts
 13581 | Lair:1   | XOM: give mutations
 13581 | Lair:1   | Lost mutation: Your muscles are strong. (Str +2) [Xom's mischief]
 13581 | Lair:1   | Gained mutation: Your body is slowly deteriorating. [Xom's mischief]
 13581 | Lair:1   | Gained mutation: You are dopey. (Int -2) [Xom's mischief]
 13856 | Lair:1   | Reached skill level 10 in Dodging
 13880 | Lair:1   | XOM: medium Air miscast
 13899 | Lair:1   | Noticed Erica
 13917 | Lair:1   | XOM: give mutations
 13917 | Lair:1   | Gained mutation: You are partially covered in iridescent scales (AC +4). [Xom's mischief]
 13917 | Lair:1   | Lost mutation: Your body is slowly deteriorating. [Xom's mischief]
 13946 | Lair:1   | XOM: medium Divn miscast
 14052 | Lair:1   | XOM: silly message
 14053 | Lair:1   | Noticed Urug
 14163 | Lair:1   | XOM: colour smoke trail
 14224 | Lair:1   | Reached XP level 11. HP: 47/63 MP: 19/19
 14324 | Lair:1   | Reached skill level 11 in Dodging
 14346 | Lair:1   | XOM: draining
 14379 | Lair:1   | Noticed Grum
 14379 | Lair:1   | XOM: silly message
 14419 | Lair:1   | Killed Grum
 14814 | Lair:2   | XOM: give mutations
 14814 | Lair:2   | Gained mutation: Scrolls take you a little longer to read. [Xom's mischief]
 14814 | Lair:2   | Lost mutation: Scrolls take you a little longer to read. [Xom's mischief]
 14814 | Lair:2   | Gained mutation: You are frail (-10% HP). [Xom's mischief]
 14814 | Lair:2   | Gained mutation: Scrolls take you a little longer to read. [Xom's mischief]
 14892 | Lair:2   | XOM: colour smoke trail
 14965 | Lair:2   | Reached skill level 12 in Dodging
 15013 | Lair:2   | Noticed WhatIsLove's ghost (powerful DrSu)
 15126 | Lair:3   | Found a staircase to the Swamp.
 15146 | Lair:3   | XOM: 1-stop teleportation journey
 15196 | Lair:3   | Noticed Gastronok
 15200 | Lair:3   | XOM: 3-stop teleportation journey
 15236 | Lair:3   | Found a labyrinth entrance.
 15245 | Lab      | Entered a labyrinth
 15539 | Lab      | XOM: harmless Hex miscast
 15544 | Lab      | XOM: smoke on damage
 15635 | Lab      | Found an exit through the horrors of the Abyss.
 15667 | Lab      | Noticed a minotaur
 15683 | Lab      | XOM: cast spell 'Dispersal'
 15697 | Lab      | Slain by a minotaur

Action                   |  1- 3 |  4- 6 |  7- 9 | 10-12 || total
-------------------------+-------+-------+-------+-------++-------
Melee: Unarmed           |   112 |   156 |   317 |   281 ||   866
 Fire: Blowgun           |       |       |     8 |    25 ||    33
 Cast: Beastly Appendage |    19 |     7 |     8 |       ||    34
       Sticks to Snakes  |     5 |     7 |       |       ||    12
       Spider Form       |     4 |    22 |    32 |       ||    58
       Blade Hands       |       |       |    12 |    27 ||    39
       Ice Form          |       |       |     2 |     9 ||    11
 Abil: End Transformatio |       |     2 |     4 |     2 ||     8
  Use: Scroll            |     2 |     2 |     9 |    13 ||    26
       Potion            |       |       |    11 |     6 ||    17
 Stab: Sleeping          |     7 |     2 |     3 |     8 ||    20
       Distracted        |       |       |       |     1 ||     1
  Eat: Chunk             |     5 |    12 |    23 |    19 ||    59
       Beef jerky        |       |     1 |     1 |       ||     2
       Pizza             |       |       |     2 |       ||     2
       Royal jelly       |       |       |       |     1 ||     1
       Meat ration       |       |       |       |     1 ||     1

Vault maps used:
D:1:      nagdon_arrival_double_spiral
D:2:      grunt_dithmenos_smoke
D:3:      first_bread
D:4:      uniq_duvessa
D:5:      nicolae_ru_awakened_eye, minmay_temple_entry_trees, lemuel_tele_altar
D:6:      nemelex_spade_bored_becter, uniq_crazy_yiuf_cottage
D:7:      the_bakery, lemuel_flamethrower_1
D:8:      basic_altar, hangedman_decor_opposing, kennysheep_generic_room_2,
          uniq_erolcha
D:9:      beetle_altar_1, erik_lair_boring, serial_glass, glass_columns_b,
          glass_columns_a, glass_columns_a, glass_columns_a, glass_columns_a,
          glass_columns_c, glass_columns_b, glass_columns_a
D:10:     hangedman_decor_peaks_small, minmay_diamond_spiral, uniq_joseph
Temple:   lightli_temple_of_artemis
Lair:1:   serial_bayou_lagoon_b, uniq_grum, uniq_urug, uniq_erica
Lair:2:   grunt_forest_large_clearings
Lair:3:   minmay_swamp_entry_eels, lab_entry_generic, serial_bayou_shore_b,
          uniq_gastronok
Lab:      nicolae_lab_dead_adventurers, lab_fountain, labyrinth_fake_exit,
          nicolae_lab_grate, nicolae_lab_blocks, labyrinth_glass_1

Table legend:
 A = Turns spent in this place as a percentage of turns spent in the entire game.
 B = Non-inter-level travel turns spent in this place as a percentage of non-inter-level travel turns spent in the entire game.
 C = Inter-level travel turns spent in this place as a percentage of turns spent in this place.
 D = Turns resting spent in this place as a percentage of non-inter-level travel turns spent in this place.
 E = Turns spent auto-exploring this place as a percentage of non-inter-level travel turns spent in this place.
 F = Non-inter-level travel turns spent in this place divided by the number of levels of this place that you've seen.
                   A       B       C       D       E      F
               +-------+-------+-------+-------+-------+----------------------
         Total | 100.0 | 100.0 |   0.3 |   2.8 |   4.3 | 426.6
       Dungeon |  79.2 |  79.1 |   0.4 |   3.1 |   5.2 | 506.2
        Temple |   0.7 |   0.7 |   0.0 |   0.0 |   0.0 |  44.0
          Lair |  13.4 |  13.5 |   0.1 |   2.7 |   1.4 | 287.3
     Labyrinth |   6.7 |   6.7 |   0.0 |   0.0 |   0.0 | 431.0
               +-------+-------+-------+-------+-------+----------------------

Table legend:
 A = Kills in this place as a percentage of kills in entire the game.
 B = Kills by you in this place as a percentage of kills by you in the entire game.
 C = Kills by friends in this place as a percentage of kills by friends in the entire game.
 D = Other kills in this place as a percentage of other kills in the entire game.
 E = Experience gained in this place as a percentage of experience gained in the entire game.
 F = Experience gained in this place divided by the number of levels of this place that you have seen.
                   A       B       C       D       E      F
               +-------+-------+-------+-------+-------+----------------------
         Total | 100.0 | 100.0 | 100.0 | 100.0 | 100.0 | 896.9
       Dungeon |  85.9 |  85.7 | 100.0 |   0.0 |  57.7 | 776.8
          Lair |  13.1 |  13.3 |   0.0 | 100.0 |  38.4 | 1722.0
     Labyrinth |   1.0 |   1.0 |   0.0 |   0.0 |   3.9 | 520.0
               +-------+-------+-------+-------+-------+----------------------
